 Dungeon Crawl Stone Soup version 0.30.0-5-g1a98f26d00 (webtiles) character file.

Game seed: 18385660244481857111

1391 CaptainMV the Skirmisher (level 9, -11/51 HPs)
             Began as a Kobold Hexslinger on May 12, 2023.
             Was an Initiate of Gozag.
             Engulfed by a cloud of flame (12 damage)
             ... on level 6 of the Dungeon.
             The game lasted 00:52:40 (4063 turns).

CaptainMV the Skirmisher (Kobold Hexslinger)        Turns: 4063, Time: 00:52:58

Health: -11/51     AC:  6    Str:  7    XL:     9   Next: 0%
Magic:  22/22      EV: 16    Int: 19    God:    Gozag
Gold:   193        SH:  0    Dex: 14    Spells: 8/14 levels left

rFire   . . .        a - +1 shortbow
rCold   . . .        (shield currently unavailable)
rNeg    . . .        t - +3 robe of Vanity {Regen+ rCorr Int+2 Dex-3}
rPois   .            (no helmet)
rElec   .            (no cloak)
rCorr   +            d - +0 pair of gloves
SInv    .            (no boots)
Will    .....        C - amulet of magic regeneration
Stlth   +++          n - +4 ring of slaying
HPRegen 1.08/turn    s - ring of magical power
MPRegen 0.58/turn

%: no passive effects
@: gold aura
A: small, no large weapons, nightstalker 3
a: Renounce Religion, Potion Petition, Call Merchant, Bribe Branch


You were on level 6 of the Dungeon.
You worshipped Gozag.
Gozag was aware of your devotion.
You visited 2 branches of the dungeon, and saw 7 of its levels.
You also visited: Sewer.

You collected 343 gold pieces.
You spent 46 gold pieces at shops.
You paid 104 gold pieces to Gozag.

Inventory:

Hand Weapons
 a - a +1 shortbow (weapon)
 b - a +1 dagger of venom
 u - a +1 sling
 z - a +0 spear
 B - a +2 sling of draining
 D - a +2 vampiric dagger
Missiles
 h - 6 poisoned darts
 i - 2 atropa-tipped darts
 p - a throwing net
Armour
 c - a +1 robe
 d - a +0 pair of gloves (worn)
 t - the +3 robe of Vanity (worn) {Regen+ rCorr Int+2 Dex-3}
   (You found it on level 3 of the Dungeon)

   Int:       It affects your intelligence (+2).
   Dex:       It affects your dexterity (-3).
   Regen:     It increases your rate of health regeneration.
   rCorr:     It protects you from acid and corrosion.
Jewellery
 n - a +4 ring of slaying (left hand)
 s - a ring of magical power (right hand)
 y - a ring of protection from fire
 C - an amulet of magic regeneration (around neck)
Scrolls
 q - 3 scrolls of teleportation
 v - 2 scrolls of poison
 x - a scroll of immolation
Potions
 e - a potion of brilliance
 f - 2 potions of berserk rage
 g - a potion of heal wounds
 j - 2 potions of curing
 k - a potion of degeneration {unknown}
 l - a potion of attraction {unknown}
 m - a potion of haste {unknown}
 o - a potion of mutation {unknown}
 r - 2 potions of flight
 w - 3 potions of ambrosia
 A - 2 potions of lignification {unknown}
 E - a potion of resistance {unknown}


   Skills:
 + Level 3.5 Fighting
 + Level 2.3 Short Blades
 + Level 9.5 Ranged Weapons
 + Level 4.6 Dodging
 + Level 2.5 Stealth
 + Level 3.3 Spellcasting
 + Level 1.4 Conjurations
 + Level 4.1 Hexes
 + Level 1.3 Fire Magic
 + Level 1.2 Air Magic


You had 8 spell levels left.
You knew the following spells:

 Your Spells              Type           Power      Damage    Failure   Level
a - Slow                  Hex            76%        N/A       2%          1
b - Static Discharge      Conj/Air       16%        2-3/arc   13%         2
c - Inner Flame           Hex/Fire       13%        N/A       14%         3

Your spell library contained the following spells:

 Spells                   Type           Power      Damage    Failure   Level
 Portal Projectile        Hex/Tloc       22%        N/A       19%         3
 Cause Fear               Hex            9%         N/A       26%         4
 Airstrike                Air            3%         2d(1-17)  65%         4
 Summon Lightning Spire   Summ/Air       5%         N/A       75%         4


Dungeon Overview and Level Annotations

Branches:
Dungeon (6/15)             Temple (1/1) D:4           Sewer (visited)

Altars:
Ashenzari
Dithmenos
Elyvilon
Fedhas
Gozag
Hepliaklqana
Makhleb
Nemelex Xobeh
Okawaru
Ru
Sif Muna
Trog
Uskayaw
Vehumet
Wu Jian
Yredelemnul
Zin
The Shining One

Shops:
D:1 *


Innate Abilities, Weirdness & Mutations

You are small and have problems with some larger weapons.
You are completely attuned to the shadows.


Message History

Your base attributes are Str 7, Int 17, Dex 15.
Increase (S)trength, (I)ntelligence, or (D)exterity?
You feel agile. x2
Your magical contamination has completely faded away.
You now have 193 gold pieces (gained 14).
Found a silvery potion.
E - a silvery potion A scorpion comes into view.
Casting: Inner Flame (dangerous; 14% risk of failure)
Confirm with . or Enter, or press ? or * to list all spells.
Aiming: Inner Flame (dangerous; 14% risk of failure)
Press: ? - help, Dir - move target, f - scorpion
Aim: a scorpion (asleep, chance to affect: 66%)
The scorpion is filled with an inner flame.
Your +1 dagger of venom stops dripping with poison.
a - a +1 shortbow (weapon)
Fire: a) +1 shortbow
Press: ? - help, Q - select action, (/) - cycle Shift-Dir - straight line, f/p - scorpion
Aim: a scorpion (inner flame, 69% to hit)
You shoot an arrow. The arrow hits the scorpion.
Flame seeps out of the scorpion.
The scorpion is lightly wounded.
The scorpion is engulfed in blazing flames.
Flame seeps out of the scorpion.
You shoot an arrow.
The arrow hits the scorpion but does no damage.
The scorpion is severely wounded.
The scorpion closely misses you.
You shoot an arrow. The arrow barely misses the scorpion.
The scorpion barely misses you.
You shoot an arrow. The arrow barely misses the scorpion.
The scorpion stings you but does no damage.
You shoot an arrow. The arrow hits the scorpion.
The scorpion explodes!
The fiery explosion engulfs you!!!
Ouch! That really hurt!
* * * LOW HITPOINT WARNING * * *
You are engulfed in blazing flames.
You die...
Your body crumbles into a pile of gold.

$ .### #...
..# ##....
#.# ##.§..
######.##
##§§§#
......>.#
###.@§#
#######.#
###...$##
#.###.....##
#........##
#......###
##...###
#####


There were no monsters in sight!

Vanquished Creatures
  The ghost of Jarnaxa the Chopper, an amateur HOMo of Beogh (D:4)
  A sky beast (D:6)
  A black bear (D:6)
  An ogre (D:5)
  A phantom (D:4)
  A bullfrog (D:6)
  A gnoll sergeant (D:5)
  4 scorpions
  3 orc priests
  3 hounds (D:5)
  A sleepcap (D:4)
  2 iguanas (D:5)
  2 orc wizards (D:5)
  A sickly merfolk siren (Sewer)
  A malarious merfolk avatar (Sewer)
  2 adders
  5 gnolls (D:5)
  5 river rats
  A shadow imp (D:5)
  2 ufetubi
  3 worms (D:3)
  2 dart slugs
  11 orcs
  7 bats
  5 endoplasms
  2 giant cockroaches
  3 goblins
  3 hobgoblins
  11 jackals
  6 quokkas
  10 ball pythons
  6 frilled lizards
  6 kobolds
  32 rats
146 creatures vanquished.

Notes
Turn   | Place    | Note
-------+----------+-------------------------------------------
     0 | D:1      | CaptainMV the Kobold Hexslinger began the quest for the
                  | Orb.
     0 | D:1      | Reached XP level 1. HP: 12/12 MP: 2/2
    68 | D:1      | Reached skill level 3 in Ranged Weapons
    68 | D:1      | Reached XP level 2. HP: 12/16 MP: 3/3
   129 | D:1      | Found Xots's Assorted Antiques.
   253 | D:1      | Learned a level 2 spell: Static Discharge
   474 | D:1      | Reached XP level 3. HP: 19/20 MP: 4/4
   536 | D:1      | Bought a murky golden potion for 23 gold pieces
   536 | D:1      | Bought a bubbling brown potion for 23 gold pieces
   734 | D:2      | Found a faded altar of an unknown god.
   815 | D:2      | Reached skill level 4 in Ranged Weapons
  1086 | D:3      | Reached XP level 4. HP: 25/25 MP: 5/5
  1173 | D:3      | Found a glowing silver altar of Zin.
  1214 | D:3      | Identified the +3 robe of Vanity {Regen+ rCorr Int+2 Dex-3}
  1433 | D:3      | Found a glowing drain.
  1439 | Sewer    | Entered a sewer
  1522 | Sewer    | Reached skill level 5 in Ranged Weapons
  1596 | Sewer    | Reached XP level 5. HP: 27/29 MP: 0/7
  1677 | Sewer    | Reached skill level 6 in Ranged Weapons
  2376 | D:4      | Reached XP level 6. HP: 35/35 MP: 8/8
  2407 | D:4      | Found a runed translucent door.
  2413 | D:4      | Noticed Jarnaxa's ghost (amateur HOMo)
  2437 | D:4      | Killed Jarnaxa's ghost
  2438 | D:4      | Reached skill level 7 in Ranged Weapons
  2438 | D:4      | Reached skill level 1 in Stealth
  2438 | D:4      | Reached XP level 7. HP: 37/40 MP: 0/9
  2446 | D:4      | Found a runed translucent door.
  2575 | D:4      | Found a staircase to the Ecumenical Temple.
  2601 | Temple   | Entered the Ecumenical Temple
  2778 | Temple   | Learned a level 3 spell: Inner Flame
  2879 | D:4      | Reached skill level 1 in Conjurations
  2879 | D:4      | Reached skill level 1 in Air Magic
  3022 | D:4      | Reached skill level 8 in Ranged Weapons
  3272 | D:5      | Entered Level 5 of the Dungeon
  3339 | D:5      | Reached skill level 1 in Short Blades
  3339 | D:5      | Reached XP level 8. HP: 7/45 MP: 11/11
  3628 | D:5      | Reached skill level 9 in Ranged Weapons
  3694 | D:5      | Reached skill level 1 in Fire Magic
  3941 | D:6      | Found an opulent altar of Gozag.
  3966 | D:6      | Became a worshipper of Gozag Ym Sagoz the Greedy
  4033 | D:6      | Reached XP level 9. HP: 45/51 MP: 13/13
  4063 | D:6      | HP: 1/51 [spore (50)]
  4063 | D:6      | Engulfed by a cloud of flame

Illustrated notes

Levels and vault maps discovered:
D:1:      dpeg_arrival_more_subterranean_lakeside_camping, layout_basic,
          serial_shops, nicolae_shop_tiny_real_fake_doors
D:2:      layout_rooms, shapermc_ecumenical_altar_pompeii, minivault_26,
          st_stairs_7, kennysheep_generic_room_10
D:3:      layout_rooms, mainiacjoe_overflow_alcove_1, lightli_sewer_entry_pipes
D:4:      layout_cave_pools, minmay_temple_entry_tees, ebering_ghost_sewer_f,
          serial_column_ruins, column_ruins_circle_large,
          column_ruins_open_small, column_ruins_open_tiny,
          column_ruins_open_tiny, column_ruins_grid_1
D:5:      layout_basic, grunt_ministairs_9
D:6:      layout_basic, mainiacjoe_overflow_chevrons, serial_curves,
          eino_curves_02, eino_curves_01, minmay_door_square
Temple:   eino_temple_scatter_basement

Skill      XL: |  1  2  3  4  5  6  7  8 |
---------------+-------------------------+-----
Ranged Weapons | 3 4 5 6 7 8 9 |  9.5
Fighting       | 2 3 |  3.5
Stealth        | 1 2 |  2.5
Spellcasting   | 2 3 |  3.3
Dodging        | 3 4 |  4.6
Conjurations   | 1 |  1.4
Air Magic      | 1 |  1.2
Short Blades   | 1 2 |  2.3
Hexes          | 4 |  4.1
Fire Magic     | 1 |  1.3

Action                     |  1- 3 |  4- 6 |  7- 9 || total
---------------------------+-------+-------+-------++-------
  Melee: Dagger            |       |       |    93 ||    93
   Fire: Sling             |    91 |   103 |       ||   194
         Shortbow          |       |    17 |    71 ||    88
  Throw: Dart              |       |       |     1 ||     1
   Cast: Static Discharge  |     5 |    20 |     7 ||    32
         Inner Flame       |       |       |    11 ||    11
    Use: Scroll            |     8 |     2 |     2 ||    12
         Potion            |       |     4 |       ||     4
 Armour: Robe              |     7 |    22 |    36 ||    65
  Dodge: Dodged            |    38 |    70 |   105 ||   213
